 Dungeon Crawl Stone Soup version 0.18-a0-946-g3ac5b32 (webtiles) character file.

11208 Duffy the Summoner (level 11, 0/89 HPs)
             Began as a Merfolk Summoner on Dec 29, 2015.
             Was an Elder of Sif Muna.
             Incinerated by a mottled dragon (5 damage)
             ... with a sticky flame
             ... in a volcano.
             The game lasted 00:40:58 (21192 turns).

Duffy the Summoner (Merfolk Summoner)              Turns: 21192, Time: 00:40:59

Health: 0/89       AC:  6    Str: 17    XL:     11   Next: 74%
Magic:  12/22      EV: 16    Int: 25    God:    Sif Muna [****..]
Gold:   256        SH:  0    Dex: 15    Spells: 6 memorised, 8 levels left

rFire  . . .     SeeInvis .     b - +10 rapier of Patterns {pierce, Str+4 Int+2}
rCold  . . .     Gourm    .     o - +0 robe
rNeg   + . .     Faith    .     (no shield)
rPois  .         Spirit   .     D - +0 helmet
rElec  +         Dismiss  .     (no cloak)
rCorr  .         Reflect  .     O - +0 pair of gloves
SustAt .         Harm     .     R - +0 pair of boots
MR     .....                    (no amulet)
Stlth  +.........               S - ring "Disulev" {rElec AC+1 Str+4 Int+4}
                                z - ring "Jiadoklo" {rN+ Int+2}

@: liquid flames, glowing, not resistant to hostile enchantments, very
unstealthy
A: change form in water, swift swim
a: Channel Energy, Forget Spell, Renounce Religion


You were in a volcano.
You worshipped Sif Muna.
Sif Muna was greatly pleased with you.
You were not hungry.

You visited 3 branches of the dungeon, and saw 13 of its levels.
You also visited: Ossuary, Bailey and Volcano.

You collected 977 gold pieces.
You spent 721 gold pieces at shops.


   Skills:
 - Level 9.2 Fighting
 - Level 6.5 Dodging
 - Level 2.2 Stealth
 + Level 7.8 Spellcasting
 * Level 11.4 Summonings
 - Level 4.5 Ice Magic
 + Level 6.8 Invocations


You had 8 spell levels left.
You knew the following spells:

 Your Spells              Type           Power        Failure   Level  Hunger
a - Summon Small Mammal   Summ           ####         1%          1    None
c - Summon Guardian Gole  Hex/Summ       #####...     1%          3    None
i - Call Imp              Summ           ######..     1%          2    None
l - Summon Ice Beast      Ice/Summ       #####...     2%          4    ##.....
n - Call Canine Familiar  Summ           ######..     1%          3    None
y - Summon Lightning Spi  Summ/Air       #####...     8%          4    ##.....

Inventory:

Hand Weapons
 a - a +1 blowgun
 b - the +10 rapier of Patterns (weapon) {pierce, Str+4 Int+2}

   It inflicts extra damage upon your enemies.
   It affects your strength (+4).
   It affects your intelligence (+2).
Missiles
 d - 442 stones (quivered)
 m - 2 curare-tipped needles
 y - 5 throwing nets
 A - 75 poisoned needles
Armour
 o - a +0 robe (worn)
 D - a +0 helmet (worn)
 O - a +0 pair of gloves (worn)
 R - a +0 pair of boots (worn)
Jewellery
 i - an uncursed ring of protection from magic
 t - an uncursed ring of poison resistance
 z - the ring "Jiadoklo" (left hand) {rN+ Int+2}

   [ring of intelligence]

   It affects your intelligence (+2).
   It protects you from negative energy.
 K - an uncursed ring of teleportation
 S - the ring "Disulev" (right hand) {rElec AC+1 Str+4 Int+4}

   [ring of protection]

   It affects your AC (+1).
   It affects your strength (+4).
   It affects your intelligence (+4).
   It insulates you from electricity.
Wands
 N - a wand of confusion (29/48)
 T - a wand of paralysis (18/24)
 U - a wand of digging (1/24)
 V - a wand of teleportation (5/9)
 Y - a wand of heal wounds (3/9)
Scrolls
 e - a scroll of random uselessness {unknown}
 f - 11 scrolls of remove curse
 r - 6 scrolls of fear
 s - 4 scrolls of enchant armour
 w - a scroll of vulnerability {unknown}
 x - a scroll of magic mapping
 B - a scroll of noise {unknown}
 C - 2 scrolls of recharging {unknown}
 E - 4 scrolls of teleportation
 G - a scroll of blinking {unknown}
 I - 2 scrolls of amnesia {unknown}
 X - a scroll of torment {unknown}
Potions
 g - 2 potions of magic
 h - a potion of degeneration {unknown}
 k - 4 potions of haste
 l - 2 potions of mutation {unknown}
 q - 6 potions of curing
 u - 2 potions of invisibility {unknown}
 v - 4 potions of brilliance
 F - a potion of flight
 H - a potion of poison {unknown}
 J - 2 potions of agility
 M - 4 potions of heal wounds
 Q - 2 potions of ambrosia {unknown}
Comestibles
 c - 13 bread rations
 L - a fruit
 P - 3 meat rations
 W - 16 royal jellies

Dungeon Overview and Level Annotations

Branches:
Dungeon (9/15)             Temple (1/1) D:7            Lair (3/8) D:9
    Orc (0/2) D:9
  Swamp: Lair:3-6    Shoals: Lair:3-6     Snake: Lair:3-6    Spider: Lair:3-6

Altars:
Ashenzari
Cheibriados
Dithmenos
Elyvilon
Fedhas
Gozag
Kikubaaqudgha
Makhleb
Nemelex Xobeh
Okawaru
Pakellas
Qazlal
Ru
Sif Muna
Trog
Vehumet
Xom
Yredelemnul
Zin
The Shining One

Shops:
D:4 :   D:7 *?!   D:8 :


Message History

The mottled dragon is heavily wounded.
You are covered in liquid flames!
The mottled dragon breathes sticky fire at you.
The sticky flame hits you!
You are covered in liquid flames!
Your ice beast hits the mottled dragon but does no damage.
You are too injured to fight recklessly!
You are too injured to fight recklessly!
You hit the mottled dragon.
The mottled dragon is severely wounded.
You are covered in liquid flames!
The mottled dragon breathes sticky fire at you.
The sticky flame hits you!
You are covered in liquid flames!
Your ice beast hits the mottled dragon but does no damage.
You swap places.
You are covered in liquid flames!
The mottled dragon bites your ice beast.
The mottled dragon claws your ice beast.
Your ice beast barely misses the mottled dragon.
Your ice beast hits the mottled dragon.
Your ice beast freezes the mottled dragon!
The mottled dragon dies!
Cast which spell? (? or * to list)
A chill wind blows around you.
You are covered in liquid flames!
You are covered in liquid flames!
You swap places.
You are covered in liquid flames!
You start resting.
You are covered in liquid flames!
You start resting.
You are covered in liquid flames!
You are covered in liquid flames!
You die...

#....~~~000~~~~~.0..##
#...~~000000000000...
#...~0~00~0~~00~00..#
#....0~~0~~~00~~~0...
#....~000~~0~0~....#
#...000~~0~....###
#YY%.00.......#.##
#.Y.##..###..###.#
#@####### #### ##.
##.# #.. #.# #.. ..#
#.. ..# #.. )$# ###..
## #...~ ##.~0 ##~0


You could see 3 friendly ice beasts.

Action                   |  1- 3 |  4- 6 |  7- 9 | 10-12 || total
-------------------------+-------+-------+-------+-------++-------
Melee: Short sword       |    19 |       |       |       ||    19
       Whip              |     9 |       |       |       ||     9
       Spear             |    84 |   105 |   383 |   218 ||   790
       Dire flail        |       |       |       |   127 ||   127
       Rapier            |       |       |       |    45 ||    45
 Fire: Blowgun           |       |    11 |    11 |       ||    22
Throw: Tomahawk          |     2 |       |       |       ||     2
       Stone             |       |       |       |     2 ||     2
 Cast: Summon Small Mamm |     3 |       |       |       ||     3
       Call Canine Famil |     3 |    12 |    42 |    22 ||    79
       Call Imp          |     3 |    16 |     7 |       ||    26
       Summon Ice Beast  |       |       |    61 |   134 ||   195
       Summon Lightning  |       |       |       |    10 ||    10
Invok: Channel Energy    |       |       |       |    98 ||    98
Evoke: Wand              |       |       |     5 |       ||     5
  Use: Scroll            |       |       |    10 |     5 ||    15
       Potion            |       |       |     2 |     1 ||     3
 Stab: Sleeping          |     6 |     4 |     5 |     5 ||    20
       Distracted        |     1 |     2 |     6 |     5 ||    14
  Eat: Chunk             |     5 |    11 |    34 |    41 ||    91
       Royal jelly       |       |       |     2 |       ||     2
       Fruit             |       |       |     2 |     2 ||     4
       Beef jerky        |       |       |       |     8 ||     8
       Pizza             |       |       |       |     2 ||     2

Notes
Turn   | Place    | Note
--------------------------------------------------------------
     0 | D:1      | Duffy the Merfolk Summoner began the quest for the Orb.
     0 | D:1      | Reached XP level 1. HP: 13/13 MP: 3/3
   529 | D:1      | Reached XP level 2. HP: 17/19 MP: 5/5
   582 | D:1      | Learned a level 2 spell: Call Imp
  1166 | D:2      | Reached XP level 3. HP: 21/24 MP: 7/7
  1647 | D:2      | Learned a level 3 spell: Call Canine Familiar
  1947 | D:2      | Reached skill level 3 in Spellcasting
  2201 | D:3      | Noticed Ijyb
  2217 | D:3      | Killed Ijyb
  2217 | D:3      | Reached XP level 4. HP: 30/30 MP: 2/8
  2460 | D:3      | Noticed Robin
  2480 | D:3      | Killed Robin
  2766 | D:3      | Found an ancient bone altar of Kikubaaqudgha.
  2769 | D:3      | Noticed Grinder
  3161 | D:4      | Found a bloodstained altar of Trog.
  3450 | D:4      | Learned a level 4 spell: Summon Ice Beast
  3478 | D:4      | Found Viegra's Book Emporium.
  3485 | D:4      | Reached skill level 5 in Summonings
  3485 | D:4      | Reached XP level 5. HP: 35/35 MP: 10/10
  3695 | D:4      | Reached skill level 1 in Ice Magic
  3811 | D:4      | Reached skill level 4 in Spellcasting
  3818 | D:4      | Reached skill level 2 in Ice Magic
  3818 | D:4      | Reached XP level 6. HP: 31/41 MP: 5/12
  4445 | D:4      | Found a stormy altar of Qazlal.
  4778 | D:5      | Entered Level 5 of the Dungeon
  4803 | D:5      | Reached skill level 3 in Dodging
  4805 | D:5      | Found a white marble altar of Elyvilon.
  4871 | D:5      | Reached skill level 1 in Fighting
  5012 | D:5      | Reached skill level 4 in Dodging
  5012 | D:5      | Reached XP level 7. HP: 47/49 MP: 13/13
  5021 | D:5      | Reached skill level 2 in Fighting
  5415 | D:5      | Reached skill level 3 in Fighting
  5455 | D:5      | Reached skill level 5 in Dodging
  5931 | D:5      | Reached skill level 4 in Fighting
  6043 | D:5      | Reached XP level 8. HP: 59/61 MP: 6/14
  6272 | D:6      | Noticed a six-headed hydra
  6314 | D:6      | Reached skill level 6 in Dodging
  6427 | D:6      | Got a sparkling silver ring
  6432 | D:6      | Identified the ring "Disulev" {rElec AC+1 Str+4 Int+4} (You found it on level 6 of the Dungeon)
  6578 | D:6      | Found a sand-covered staircase.
  6582 | Ossuary  | Entered an ossuary
  6877 | Ossuary  | Reached skill level 5 in Fighting
  7625 | D:6      | Reached skill level 6 in Fighting
  8265 | D:7      | Reached skill level 7 in Fighting
  8429 | D:7      | Found an oddly glowing altar of Pakellas.
  8709 | D:7      | Found Derhana's Distillery.
  8717 | D:7      | Bought a potion of brilliance for 60 gold pieces
  8717 | D:7      | Bought a potion of flight for 45 gold pieces
  8717 | D:7      | Bought a potion of agility for 60 gold pieces
  8717 | D:7      | Bought a potion of heal wounds for 75 gold pieces
  8717 | D:7      | Bought a potion of heal wounds for 75 gold pieces
  8754 | D:7      | Reached skill level 8 in Fighting
  8945 | D:7      | Found Caelefag's Assorted Antiques.
  8958 | D:7      | Reached XP level 9. HP: 59/75 MP: 4/15
  8985 | D:7      | Reached skill level 9 in Fighting
  9143 | D:7      | Found Liosauna's Magic Scroll Shoppe.
  9144 | D:7      | Bought a scroll labeled UJIERE HUGAUTEUG for 35 gold pieces
  9170 | D:7      | Found a staircase to the Ecumenical Temple.
  9176 | D:7      | Bought a scroll of teleportation for 36 gold pieces
  9269 | Temple   | Entered the Ecumenical Temple
  9730 | Temple   | Became a worshipper of Sif Muna the Loreminder
  9842 | D:7      | Bought a scroll of enchant armour for 90 gold pieces
 10097 | D:7      | Reached skill level 6 in Summonings
 10178 | D:6      | Reached skill level 3 in Ice Magic
 10528 | D:8      | Found a flagged portal.
 10546 | Bailey   | Entered a bailey
 10843 | D:8      | Found a sparkling altar of Nemelex Xobeh.
 10907 | D:8      | Noticed a cyclops
 10928 | D:8      | Killed a cyclops
 11250 | D:8      | Found a radiant altar of Vehumet.
 11252 | D:8      | Found an oddly glowing altar of Pakellas.
 11260 | D:8      | Noticed JokEr's ghost (novice DrFi)
 11299 | D:7      | Reached * piety under Sif Muna
 11832 | D:8      | Reached skill level 7 in Summonings
 11929 | D:8      | Reached skill level 5 in Spellcasting
 11929 | D:8      | Reached skill level 4 in Ice Magic
 12729 | D:8      | Found Fitaamam's Book Boutique.
 12808 | D:8      | Reached ** piety under Sif Muna
 13010 | D:8      | Reached XP level 10. HP: 49/83 MP: 13/17
 13358 | D:8      | Reached skill level 1 in Invocations
 13437 | D:8      | Reached skill level 8 in Summonings
 13759 | D:9      | Found a staircase to the Lair.
 13804 | D:9      | Killed a six-headed hydra
 13804 | D:9      | Reached skill level 2 in Invocations
 13854 | D:9      | Found a staircase to the Orcish Mines.
 14084 | D:9      | Learned a level 4 spell: Summon Lightning Spire
 14088 | D:9      | Learned a level 3 spell: Summon Guardian Golem
 14241 | D:9      | Reached skill level 3 in Invocations
 14796 | D:8      | Killed JokEr's ghost
 14796 | D:8      | Reached skill level 6 in Spellcasting
 14796 | D:8      | Reached skill level 9 in Summonings
 15220 | D:3      | Killed Grinder
 15520 | D:6      | Found an iron altar of Okawaru.
 15688 | D:6      | Found a glowing golden altar of the Shining One.
 15962 | D:7      | Reached skill level 4 in Invocations
 16047 | D:7      | Reached *** piety under Sif Muna
 16964 | D:7      | Bought a steaming tin ring for 175 gold pieces
 16964 | D:7      | Bought a scroll of identify for 70 gold pieces
 16972 | D:7      | Identified the ring "Jiadoklo" {rN+ Int+2} (You bought it in a shop on level 7 of the Dungeon)
 17091 | Lair:1   | Entered Level 1 of the Lair of Beasts
 17256 | Lair:1   | Noticed Grum
 17263 | Lair:1   | Killed Grum
 17397 | Lair:1   | Reached skill level 10 in Summonings
 17401 | Lair:1   | Reached XP level 11. HP: 89/89 MP: 18/21
 17481 | Lair:1   | Reached skill level 5 in Invocations
 17494 | Lair:1   | Noticed a five-headed hydra
 17511 | Lair:1   | Killed a five-headed hydra
 17913 | Lair:1   | Reached skill level 7 in Spellcasting
 18353 | Lair:1   | Reached **** piety under Sif Muna
 19142 | Lair:2   | Reached skill level 6 in Invocations
 19598 | Lair:2   | Reached skill level 11 in Summonings
 20040 | Lair:2   | Got a steaming rapier
 20041 | Lair:2   | Identified the +10 rapier of Patterns {pierce, Str+4 Int+2} (You found it on level 2 of the Lair of Beasts)
 20750 | Lair:3   | Found a dark tunnel.
 20911 | Volcano  | Entered a volcano
 21163 | Volcano  | Noticed a lindwurm
 21173 | Volcano  | Killed a lindwurm
 21192 | Volcano  | Incinerated by a mottled dragon

Vault maps used:
D:1:      minmay_arrival_stair_chambers
D:3:      lemuel_doored_altar, uniq_grinder, uniq_robin, uniq_iyjb
D:4:      nicolae_overflow_hidden_temple, nicolae_qazlal_general_emergency,
          serial_shops, shop, first_bread
D:5:      elyvilon_altar_4
D:6:      tso_altar, nicolae_ossuary_entry_plus, serial_undead, serial_undead_e,
          serial_undead_a, serial_undead_c, serial_undead_b, serial_undead_d,
          kennysheep_okawaru_gauntlet
D:7:      kennysheep_housing_project, minmay_temple_entry_large_hall,
          serial_shops, nicolae_shop_waterfront,
          nicolae_shop_overgrown_old_shop, shop, dk_noncrumbling_4,
          johnstein_pakellas_dig
D:8:      nemelex_deck, grunt_temple_overflow_open, enter_bailey_3,
          serial_shops, shop_statue, grunt_ogre_cave
D:9:      dpeg_oklobed_lair, david_orc_2
Temple:   eino_temple_water_12
Lair:1:   uniq_grum
Lair:3:   enter_volcano_3, special_room, uniq_harold
Ossuary:  ossuary_minmay_chase
Bailey:   bailey_polearm_flooded_kennysheep, bailey
Volcano:  volcano_pools

Vanquished Creatures
  2 hydras
  The ghost of JokEr the Fighter, a novice DrFi of Gozag
  A lindwurm
  A black mamba
  A cyclops
  5 spiny frogs
  4 komodo dragons
  A queen bee
  A fire drake Grinder
  6 yaks Grum
  4 hippogriffs
  2 basilisks
  2 mottled dragons
  7 wolves
  2 water moccasins
  2 porcupines
  3 ice beasts
  4 necrophages
  3 black bears
  4 orc warriors
  10 ogres
  A sky beast
  2 phantoms
  5 centaurs
  6 crocodiles
  An elf zombie
  3 big kobolds
  2 gnoll sergeants
  5 giant frogs
  34 killer bees
  13 wights
  5 scorpions
  A water moccasin skeleton
  5 crimson imps
  9 orc priests
  8 orc wizards
  2 jellies
  2 centaur zombies
  A centaur skeleton
  3 giant frog skeletons
  A gnoll shaman
  9 hounds Ijyb
  6 iguanas
  8 worker ants
  7 sheep
  2 hound zombies
  3 hound skeletons
  3 mummies Robin
  12 gnolls
  34 river rats
  2 worker ant zombies
  9 adders
  6 shadow imps
  4 adder zombies
  5 adder skeletons
  3 worms
  6 giant geckos
  51 orcs
  6 bats
  4 giant cockroaches
  25 goblins
  11 hobgoblins
  9 quokkas
  A ball python
  A ball python skeleton
  2 giant gecko zombies
  5 giant newts
  2 goblin zombies
  4 hobgoblin zombies
  6 jackals
  A jackal skeleton
  27 kobolds
  4 kobold zombies
  2 quokka skeletons
  2 quokka zombies
  10 rats
  3 rat zombies
  5 fungi
  16 plants
495 creatures vanquished.
